 Dungeon Crawl Stone Soup version 0.32-a0-42-ga30500b4d3 (webtiles) character file.

Game seed: 12604121074516111484

915 Atlas the Firebug (level 7, -2/44 (46) HPs)
             Began as a Demonspawn Fire Elementalist on Feb 1, 2024.
             Was an Initiate of Vehumet.
             Slain by a wight
             ... wielding a +0 flail
              (9 damage)
             ... on level 6 of the Dungeon.
             The game lasted 00:07:07 (7083 turns).

Atlas the Firebug (Demonspawn Fire Elementalist)    Turns: 7083, Time: 00:07:08

HP:   -2/44 (46)    AC:  7    Str: 14    XL:     7   Next: 82%
MP:   15/15         EV: 12    Int: 17    God:    Vehumet [......]
Gold: 321           SH:  0    Dex: 14    Spells: 10/17 levels left

rFire   + . .        y - staff of fire
rCold   . . .        (no shield)
rNeg    . . .        j - +0 leather armour
rPois   +            (no helmet)
rElec   +            p - +0 cloak
rCorr   .            (no gloves)
SInv    .            (no boots)
Will    .....        (no amulet)
Stlth   ++           r - ring "Fuets" {rElec Str+6 Slay+3}
HPRegen 0.27/turn    q - ring of poison resistance
MPRegen 0.14/turn

%: no passive effects
@: hasted, lightly drained, very quick
A: claws 1, thin metallic scales 2, foul stench 3
a: Renounce Religion


You were on level 6 of the Dungeon.
You worshipped Vehumet.
Vehumet was noncommittal.
You visited 1 branch of the dungeon, and saw 6 of its levels.

You collected 321 gold pieces.

Inventory:

Armour
 j - a +0 leather armour (worn)
 p - a +0 cloak (worn)
Magical Staves
 y - a staff of fire (weapon)
Jewellery
 c - a ring of fire
 q - a ring of poison resistance (right claw)
 r - the ring "Fuets" (left claw) {rElec Str+6 Slay+3}
   (You took it off a hobgoblin on level 3 of the Dungeon)

   [ring of strength]

   Str+6:     It affects your strength (+6).
   Slay+3:    It affects your accuracy & damage with ranged weapons and melee
   (+3).
   rElec:     It insulates you from electricity.
 z - the ring of Zyremm {Fly Int+3}
   (You found it on level 5 of the Dungeon)

   [ring of flight]

   Int+3:     It affects your intelligence (+3).
   Fly:       It grants you flight.
Wands
 x - a wand of iceblast (8)
Scrolls
 d - 4 scrolls of identify {unknown}
 e - 3 scrolls of teleportation {unknown}
 g - a scroll of poison {unknown}
 i - a scroll of silence {unknown}
 o - a scroll of blinking {unknown}
 v - 3 scrolls of noise {unknown}
 w - a scroll of fog {unknown}
Potions
 a - a potion of haste
 b - a potion of magic
 f - a potion of enlightenment {unknown}
 h - a potion of invisibility {unknown}
 k - a potion of attraction {unknown}
 l - a potion of berserk rage {unknown}
 m - 3 potions of curing {unknown}
 n - 2 potions of ambrosia {unknown}
 s - a potion of degeneration {unknown}
 t - a potion of lignification {unknown}
 u - 3 potions of brilliance {unknown}
 A - a potion of heal wounds {unknown}


   Skills:
 + Level 0.2 Fighting
 + Level 1.7 Armour
 + Level 2.0 Dodging
 + Level 2.8 Stealth
 + Level 0.8 Unarmed Combat
 + Level 5.5 Spellcasting
 + Level 2.1 Conjurations
 + Level 5.7 Fire Magic


You had 10 spell levels left.
You knew the following spells:

 Your Spells              Type           Power      Damage    Failure   Level
a - Scorch                Fire           72%        2d8       2%          2
b - Foxfire               Conj/Fire      100%       2x1d9     3%          1
c - Flame Wave            Conj/Fire      27%        2d9       32%         4

Your spell library contained the following spells:

 Spells                   Type           Power      Damage    Failure   Level
 Inner Flame              Hex/Fire       21%        N/A       16%         3
 Volatile Blastmotes      Fire/Tloc      42%        2d13      16%         3
 Summon Small Mammal      Summ           16%        N/A       17%         1
 Dazzling Flash           Conj/Hex       16%        N/A       32%         3
 Mephitic Cloud           Conj/Alch/Air  7%         N/A       36%         3
 Curse of Agony           Necr           4%         N/A       99%         5
 Silence                  Hex/Air        2%         N/A       99%         5


Dungeon Overview and Level Annotations

Branches:
Dungeon (6/15)             Temple (0/1) D:4

Altars:
Kikubaaqudgha
Nemelex Xobeh
Ru
Sif Muna
Trog
Vehumet
Yredelemnul

Shops:
D:1 *


Innate Abilities, Weirdness & Mutations

You have sharp fingernails.
You are mostly covered in thin metallic scales. (AC +3)
You frequently emit foul miasma when damaged in melee.


Message History

The yak bellows!
You see here a +0 mace.
There is a stone staircase leading up here.
You climb upwards.
There is a stone staircase leading down here.
There is a stone staircase leading down here.
You start resting.
Magic restored.
You climb downwards.
You hear the hiss of flowing sand.
There is an entrance to an ossuary on this level.
Hurry and find it before the portal is buried!
You hear the hiss of an avalanche of sand very nearby.
There is a stone staircase leading up here.
Found an escape hatch in the floor.
A wight comes into view. It is wielding a +0 hand axe.
You see here a +0 club.
Found an escape hatch in the ceiling.
You hit the wight. You burn the wight.
The wight is heavily damaged.
The wight closely misses you. The wight hits you with a +0 dagger.
You emit a cloud of foul miasma!
The wight attacks as it pursues you! The wight hits you with a +0 hand axe.
You feel drained.
A wight comes into view. It is wielding a +0 flail.
The wight hits you with a +0 dagger.
You feel drained. The wight completely misses you.
The wight hits you with a +0 flail! The wight closely misses you.
The wight hits you with a +0 flail!
You emit a cloud of foul miasma!
The wight attacks as it pursues you! The wight completely misses you.
The wight throws a stone.
The stone hits you. The wight attacks as it pursues you!
The wight barely misses you. The wight hits you with a +2 mace!
* * * LOW HITPOINT WARNING * * *
You emit a cloud of foul miasma!
Casting: Scorch (safe; 2% risk of failure)
Confirm with . or Enter, or press ? or * to list all spells.
Okay, then.
It was a potion of haste.
You feel yourself speed up. The wight hits you with a +0 flail!
You die...

###### #....###
#.##...##
#...z...###
##z§#.....#
##zz###..#.####
#@z## ##......#
#.## ##.###.#
#.. ##....#
.... ##...#.#
####..#..z.#.#
<.....#..#.. .>
.######).#.#...
#..#...# .
#....# #


You could see 5 wights.

Vanquished Creatures
  A black bear (D:5)
  2 ogres (D:5)
  A scorpion (D:4)
  A bombardier beetle (D:4)
  A hound (D:5)
  An orc priest (D:6)
  Crazy Yiuf (D:2)
  A jelly (D:5)
  5 orc wizards (D:3)
  An iguana (D:4)
  9 gnolls
  8 adders
  A shadow imp (D:5)
  2 white imps
  2 ufetubi (D:5)
  A dart slug (D:5)
  4 ribbon worms
  8 orcs
  10 endoplasms
  5 giant cockroaches
  9 goblins
  10 hobgoblins
  2 jackals (D:1)
  5 kobolds
  6 quokkas
  4 ball pythons
  4 bats
  3 frilled lizards
  6 rats
114 creatures vanquished.

Vanquished Creatures (collateral kills)
  2 foxfires (D:5)
2 creatures vanquished.

Vanquished Creatures (others)
  190 foxfires
190 creatures vanquished.

Grand Total: 306 creatures vanquished

Notes
Turn   | Place    | Note
-------+----------+-------------------------------------------
     0 | D:1      | Atlas the Demonspawn Fire Elementalist began the quest for
                  | the Orb.
     0 | D:1      | Reached XP level 1. HP: 13/13 MP: 3/3
   227 | D:1      | Gained mutation: You may rarely emit foul miasma when
                  | damaged in melee. [demonic ancestry]
   227 | D:1      | Reached XP level 2. HP: 13/19 MP: 1/5
   230 | D:1      | Learned a level 2 spell: Scorch
   434 | D:1      | Found Lootz's General Store.
   943 | D:1      | Gained mutation: You are partially covered in thin metallic
                  | scales. (AC +2) [demonic ancestry]
   943 | D:1      | Reached XP level 3. HP: 24/24 MP: 3/6
  1243 | D:2      | Found a faded altar of an unknown god.
  2079 | D:2      | Found a runed translucent door.
  2080 | D:2      | Noticed Crazy Yiuf
  2132 | D:2      | Gained mutation: You sometimes emit foul miasma when
                  | damaged in melee. [demonic ancestry]
  2132 | D:2      | Reached XP level 4. HP: 26/30 MP: 2/7
  2447 | D:2      | Killed Crazy Yiuf
  2732 | D:3      | Gained mutation: You are mostly covered in thin metallic
                  | scales. (AC +3) [demonic ancestry]
  2732 | D:3      | Reached XP level 5. HP: 35/35 MP: 4/9
  2812 | D:3      | Identified the ring "Fuets" {rElec Str+6 Slay+3}
  2953 | D:3      | Reached skill level 1 in Armour
  3538 | D:3      | Found a shimmering blue altar of Sif Muna.
  3554 | D:3      | Gained mutation: You frequently emit foul miasma when
                  | damaged in melee. [demonic ancestry]
  3554 | D:3      | Reached XP level 6. HP: 33/41 MP: 0/11
  3646 | D:3      | Got Sif Muna's Quarto of Bringing Forth
  3653 | D:3      | Found an ancient bone altar of Kikubaaqudgha.
  3693 | D:3      | Found a radiant altar of Vehumet.
  3699 | D:3      | Became a worshipper of Vehumet
  5104 | D:4      | Found a staircase to the Ecumenical Temple.
  5151 | D:4      | Found a basalt altar of Yredelemnul.
  5228 | D:4      | Found a sparkling altar of Nemelex Xobeh.
  5296 | D:4      | Reached skill level 5 in Fire Magic
  5622 | D:5      | Entered Level 5 of the Dungeon
  5622 | D:5      | Found a sacrificial altar of Ru.
  5685 | D:5      | Gained mutation: You have sharp fingernails. [demonic
                  | ancestry]
  5685 | D:5      | Reached XP level 7. HP: 46/46 MP: 9/13
  5968 | D:5      | Reached skill level 5 in Spellcasting
  6356 | D:5      | Identified the ring of Zyremm {Fly Int+3}
  6765 | D:5      | Found a bloodstained altar of Trog.
  6960 | D:6      | Learned a level 4 spell: Flame Wave
  6971 | D:6      | Noticed a yak
  6971 | D:6      | Noticed a yak
  6973 | D:6      | Noticed a yak
  7083 | D:6      | Slain by a wight

Illustrated notes

Levels and vault maps discovered:
D:1:      dpeg_arrival_erosion, layout_rooms, serial_shops, shop,
          feat_on_display
D:2:      layout_basic, ebering_ecumenical_altar_sacrificial, hex_medium,
          minmay_fractal_squares_gapless_5, uniq_crazy_yiuf_cottage
D:3:      layout_basic, palyth_temple_overflow_mages, minmay_ruptured
D:4:      kb_forest_paths, layout_loops_corners,
          chequers_temple_overflow_statue_of_worship
D:5:      minmay_spotlight, layout_basic, kennysheep_mini,
          mainiacjoe_overflow_boulevard
D:6:      layout_basic, enter_ossuary_5, grunt_decor_arrowhead

Skill      XL: |  1  2  3  4  5  6  7 |
---------------+----------------------+-----
Fire Magic     | 3 4 5 |  5.7
Stealth        | 2 |  2.8
Spellcasting   | 3 4 5 |  5.5
Armour         | 1 |  1.7
Dodging        | 2 |  2.0
Conjurations   | 2 |  2.1
Fighting       | |  0.2
Unarmed Combat | |  0.8

Action                     |  1- 3 |  4- 6 |  7- 9 || total
---------------------------+-------+-------+-------++-------
  Melee: Unarmed           |    36 |     7 |       ||    43
         Punch             |       |     1 |       ||     1
         Staff             |       |       |     1 ||     1
   Cast: Foxfire           |    49 |    37 |    31 ||   117
         Scorch            |    21 |    59 |    19 ||    99
    Use: Potion            |       |       |     1 ||     1
 Armour: Robe              |     9 |       |       ||     9
         Leather armour    |     9 |    17 |    17 ||    43
  Dodge: Dodged            |    29 |     7 |    13 ||    49

Table legend: (Time is in decaauts)
 A = Elapsed time spent in this place.
 B = Non-inter-level travel time spent in this place.
 C = Inter-level travel time spent in this place.
 D = Time resting spent in this place.
 E = Time spent auto-exploring this place.
 F = Levels seen in this place.
 G = Mean time per level.
                   A        B        C        D        E       F      G
               +--------+--------+--------+--------+--------+-----+--------+
         Total |   7079 |   6920 |    159 |    109 |   6083 |   6 | 1179.8 |
       Dungeon |   7079 |   6920 |    159 |    109 |   6083 |   6 | 1179.8 |
               +--------+--------+--------+--------+--------+-----+--------+

Top non-repeatable levels by time:
     D:3: 1782 daAuts
     D:5: 1398 daAuts
     D:2: 1348 daAuts
     D:4: 1325 daAuts
     D:1: 1162 daAuts
     D:6: 62 daAuts
